BLB
SANTO DOMINGO RUM RUNNERS @ NEW ORLEANS VOODOO
07/29/2059
 
TOP OF THE 1ST
Santo Domingo Rum Runners batting - Pitching for New Orleans Voodoo : RHP Marc Dillard
Pitching: RHP Marc Dillard
Batting: RHB Kenny West 0-0: Called Strike
0-1: Ball
1-1: Swinging Strike
1-2: Ball
2-2: Foul Ball, location: 2F
2-2: Ball
3-2: Foul Ball, location: 2F
3-2: SINGLE (Groundball, 56D, EV 98.1 MPH)
Batting: LHB Lester Bridges 0-0: Called Strike
0-1: Foul Ball, location: 2F
0-2: Strikes out swinging
Batting: LHB Damon Casebier 0-0: Called Strike
Kenny West is caught stealing 2nd base 2-6
0-1: Foul Ball, location: 2F
0-2: Ball
1-2: Ground out 1-3 (Groundball, 34S, EV 61.2 MPH)
Top of the 1st over - 0 runs, 1 hit, 0 errors, 0 left on base; Santo Domingo 0 - New Orleans 0
BOTTOM OF THE 1ST
New Orleans Voodoo batting - Pitching for Santo Domingo Rum Runners : RHP Damon Neckles
Pitching: RHP Damon Neckles
Batting: LHB Jordy Wovchanoff 0-0: Called Strike
0-1: Ball
1-1: Called Strike
1-2: Fly out, F9 (Line Drive, 9, EV 91.2 MPH)
Batting: LHB Daryl Walken 0-0: Ball
1-0: Foul Ball, location: 2F
1-1: Ground out U3 (Groundball, 3, EV 84.4 MPH)
Batting: RHB Lon Leseberg 0-0: SINGLE (Groundball, 56D, EV 101.2 MPH)
Batting: LHB Tuck Vrsek 0-0: Called Strike
0-1: Fly out, F7 (Flyball, 7, EV 94.4 MPH)
Bottom of the 1st over - 0 runs, 1 hit, 0 errors, 1 left on base; Santo Domingo 0 - New Orleans 0
TOP OF THE 2ND
Santo Domingo Rum Runners batting - Pitching for New Orleans Voodoo : RHP Marc Dillard
Batting: LHB Ronald Anderson 0-0: Ball
1-0: Foul Ball, location: 2F
1-1: Called Strike
1-2: Strikes out looking
Batting: RHB Gage Hay 0-0: Ball
1-0: Called Strike
1-1: DOUBLE (Line Drive, 78D, EV 101.9 MPH)
Batting: RHB Payton Weinberg 0-0: Called Strike
0-1: Ball
1-1: Ground out 6-3 (Groundball, P, EV 88.8 MPH)
Gage Hay to third
Batting: RHB Devin Geertz 0-0: Ball
1-0: Called Strike
1-1: Ball
2-1: Ball
3-1: Base on Balls
Batting: RHB Rodell bin Rahman 0-0: Ground out 6-3 (Groundball, 6S, EV 85.0 MPH)
Top of the 2nd over - 0 runs, 1 hit, 0 errors, 2 left on base; Santo Domingo 0 - New Orleans 0
BOTTOM OF THE 2ND
New Orleans Voodoo batting - Pitching for Santo Domingo Rum Runners : RHP Damon Neckles
Batting: LHB Devin Welninski 0-0: Called Strike
0-1: Foul Ball, location: 2F
0-2: Ground out 4-3 (Groundball, 4MD, EV 90.6 MPH)
Batting: LHB Sully Volpe 0-0: SOLO HOME RUN (Flyball, 8LXD, EV 111.2 MPH), Distance : 435 ft
Batting: RHB Peyton Ames 0-0: Called Strike
0-1: Ball
1-1: Swinging Strike
1-2: Foul Ball, location: 2F
1-2: Ground out 6-3 (Groundball, P, EV 80.6 MPH)
Batting: SHB Jaden Maldonado 0-0: Foul Ball, location: 2F
0-1: Ball
1-1: Ball
2-1: Foul Ball, location: 2F
2-2: Ball
3-2: Fly out, F4 (Flyball, 34D, EV 88.8 MPH)
Bottom of the 2nd over - 1 run, 1 hit, 0 errors, 0 left on base; Santo Domingo 0 - New Orleans 1
TOP OF THE 3RD
Santo Domingo Rum Runners batting - Pitching for New Orleans Voodoo : RHP Marc Dillard
Batting: RHB Devain Ecevit 0-0: Ground out 6-3 (Groundball, 6, EV 90.0 MPH)
Batting: RHB Kenny West 0-0: Foul Ball, location: 2F
0-1: Foul Ball, location: 2F
0-2: Ball
1-2: Strikes out swinging
Batting: LHB Lester Bridges 0-0: Foul Ball, location: 2F
0-1: Called Strike
0-2: Ball
1-2: DOUBLE (Groundball, 3L, EV 105.6 MPH)
Batting: LHB Damon Casebier 0-0: Ball
1-0: Fly out, F9 (Flyball, 9LSF, EV 85.6 MPH)
Top of the 3rd over - 0 runs, 1 hit, 0 errors, 1 left on base; Santo Domingo 0 - New Orleans 1
BOTTOM OF THE 3RD
New Orleans Voodoo batting - Pitching for Santo Domingo Rum Runners : RHP Damon Neckles
Batting: RHB Dane Jennings 0-0: Ball
1-0: Ball
2-0: Foul Ball, location: 2F
2-1: Fly out, F5 (Popup, 25F, EV 91.9 MPH)
Batting: LHB Jordy Wovchanoff 0-0: Called Strike
0-1: DOUBLE (Line Drive, 89M, EV 104.4 MPH)
Batting: LHB Daryl Walken 0-0: Called Strike
0-1: Ground out U3 (Groundball, 3, EV 86.9 MPH)
Jordy Wovchanoff to third
Batting: RHB Lon Leseberg 0-0: Ball
1-0: Swinging Strike
1-1: Called Strike
1-2: Strikes out swinging
Bottom of the 3rd over - 0 runs, 1 hit, 0 errors, 1 left on base; Santo Domingo 0 - New Orleans 1
TOP OF THE 4TH
Santo Domingo Rum Runners batting - Pitching for New Orleans Voodoo : RHP Marc Dillard
Batting: LHB Ronald Anderson 0-0: Ball
1-0: Foul Ball, location: 5F, Error on foul ball, E5
1-1: Foul Ball, location: 2F
1-2: Ball
2-2: Ground out 4-3 (Groundball, 4, EV 87.5 MPH)
Batting: RHB Gage Hay 0-0: Called Strike
0-1: Ball
1-1: Foul Ball, location: 2F
1-2: Ball
2-2: Strikes out swinging
Batting: RHB Payton Weinberg 0-0: Ground out 6-3 (Groundball, 6, EV 80.0 MPH)
Top of the 4th over - 0 runs, 0 hits, 1 error, 0 left on base; Santo Domingo 0 - New Orleans 1
BOTTOM OF THE 4TH
New Orleans Voodoo batting - Pitching for Santo Domingo Rum Runners : RHP Damon Neckles
Batting: LHB Tuck Vrsek 0-0: Ball
1-0: Ball
2-0: Swinging Strike
2-1: Ball
3-1: Foul Ball, location: 2F
3-2: Foul Ball, location: 2F
3-2: Strikes out looking
Batting: LHB Devin Welninski 0-0: Foul Ball, location: 2F
0-1: Ball
1-1: Foul Ball, location: 2F
1-2: Ball
2-2: Ball
3-2: Base on Balls
Batting: LHB Sully Volpe 0-0: Ball
1-0: Swinging Strike
1-1: Ball
2-1: SINGLE (Line Drive, 6D, EV 96.9 MPH)
Devin Welninski to second
Batting: RHB Peyton Ames 0-0: Ball
1-0: Called Strike
1-1: Called Strike
1-2: Ball
2-2: Strikes out looking
Batting: SHB Jaden Maldonado 0-0: Swinging Strike
0-1: Called Strike
0-2: Ball
1-2: Ball
2-2: SINGLE (Line Drive, 89M, EV 86.2 MPH)
Devin Welninski to third
Sully Volpe to second
Runner from 3rd tries for Home, SAFE, throw by CF to home
Batting: RHB Dane Jennings 0-0: Ball
1-0: Ball
2-0: Foul Ball, location: 2F
2-1: Fly out, F8 (Line Drive, 8RM, EV 100.0 MPH)
Bottom of the 4th over - 1 run, 2 hits, 0 errors, 2 left on base; Santo Domingo 0 - New Orleans 2
TOP OF THE 5TH
Santo Domingo Rum Runners batting - Pitching for New Orleans Voodoo : RHP Marc Dillard
Batting: RHB Devin Geertz 0-0: Ball
1-0: Ball
2-0: Ball
3-0: Called Strike
3-1: Called Strike
3-2: Strikes out swinging
Batting: RHB Rodell bin Rahman 0-0: Called Strike
0-1: SINGLE (Line Drive, 9S, EV 85.6 MPH)
Batting: RHB Devain Ecevit 0-0: Fielders Choice at 2nd, 1-6 (Groundball, 34S, EV 65.0 MPH)
Batting: RHB Kenny West 0-0: Swinging Strike
0-1: Foul Ball, location: 2F
0-2: Strikes out swinging
Top of the 5th over - 0 runs, 1 hit, 0 errors, 1 left on base; Santo Domingo 0 - New Orleans 2
BOTTOM OF THE 5TH
New Orleans Voodoo batting - Pitching for Santo Domingo Rum Runners : RHP Damon Neckles
Batting: LHB Jordy Wovchanoff 0-0: Ball
1-0: Foul Ball, location: 2F
1-1: Ball
2-1: SINGLE (Groundball, 34D, EV 99.4 MPH)
Batting: LHB Daryl Walken 0-0: Called Strike
0-1: Bunt missed!
0-2: Ball
1-2: Ball
Wild Pitch!
Jordy Wovchanoff to second
2-2: Fly out, F1 (Line Drive, P, EV 65.0 MPH)
Batting: RHB Lon Leseberg 0-0: Fly out, F7 (Line Drive, 78S, EV 92.5 MPH)
Batting: LHB Tuck Vrsek 0-0: Ball
1-0: SINGLE (Groundball, 6MD, EV 102.5 MPH)
Jordy Wovchanoff to third
Runner from 3rd tries for Home, SAFE, throw by CF to home
Batting: LHB Devin Welninski 0-0: Called Strike
0-1: Foul Ball, location: 2F
0-2: Strikes out looking
Bottom of the 5th over - 1 run, 2 hits, 0 errors, 1 left on base; Santo Domingo 0 - New Orleans 3
TOP OF THE 6TH
Santo Domingo Rum Runners batting - Pitching for New Orleans Voodoo : RHP Marc Dillard
Batting: LHB Lester Bridges 0-0: Called Strike
0-1: Foul Ball, location: 2F
0-2: Ball
1-2: Ball
2-2: Strikes out swinging, 2-3 out at first.
Batting: LHB Damon Casebier 0-0: Foul Ball, location: 2F
0-1: Ball
1-1: Swinging Strike
1-2: DOUBLE (Flyball, 8LXD, EV 106.9 MPH)
Batting: LHB Ronald Anderson 0-0: Ball
Damon Casebier is caught stealing 3rd base 2-5
1-0: Called Strike
1-1: Ball
2-1: Ball
3-1: Called Strike
3-2: Foul Ball, location: 2F
3-2: Strikes out swinging
Top of the 6th over - 0 runs, 1 hit, 0 errors, 0 left on base; Santo Domingo 0 - New Orleans 3
BOTTOM OF THE 6TH
New Orleans Voodoo batting - Pitching for Santo Domingo Rum Runners : RHP Damon Neckles
Batting: LHB Sully Volpe 0-0: Ball
1-0: Called Strike
1-1: Ball
2-1: Ground out U3 (Groundball, 34, EV 101.2 MPH)
Batting: RHB Peyton Ames 0-0: Called Strike
0-1: Ball
1-1: Foul Ball, location: 2F
1-2: Strikes out swinging
Batting: SHB Jaden Maldonado 0-0: Called Strike
0-1: Foul Ball, location: 2F
0-2: Ball
1-2: Strikes out swinging
Bottom of the 6th over - 0 runs, 0 hits, 0 errors, 0 left on base; Santo Domingo 0 - New Orleans 3
TOP OF THE 7TH
Santo Domingo Rum Runners batting - Pitching for New Orleans Voodoo : RHP Marc Dillard
Batting: RHB Gage Hay 0-0: Called Strike
0-1: Ball
1-1: SINGLE (Line Drive, 4MD, EV 96.9 MPH)
Batting: RHB Payton Weinberg 0-0: Ball
1-0: Ball
2-0: Foul Ball, location: 2F
2-1: Fly out, F9 (Line Drive, 89M, EV 85.6 MPH)
Batting: RHB Devin Geertz 0-0: Called Strike
0-1: Ball
1-1: Foul Ball, location: 2F
1-2: Strikes out looking
Batting: RHB Rodell bin Rahman 0-0: Ball
1-0: Foul Ball, location: 2F
1-1: Foul Ball, location: 2F
1-2: Strikes out swinging
Top of the 7th over - 0 runs, 1 hit, 0 errors, 1 left on base; Santo Domingo 0 - New Orleans 3
BOTTOM OF THE 7TH
New Orleans Voodoo batting - Pitching for Santo Domingo Rum Runners : RHP Damon Neckles
Batting: RHB Dane Jennings 0-0: Ball
1-0: Ball
2-0: Fly out, F8 (Line Drive, 8LM, EV 88.8 MPH)
Batting: LHB Jordy Wovchanoff 0-0: SINGLE (Groundball, 34D, EV 106.2 MPH)
Batting: LHB Daryl Walken 0-0: Ball
Jordy Wovchanoff steals 2nd base
1-0: Called Strike
1-1: Ground out 6-3 (Groundball, 6, EV 90.0 MPH)
Jordy Wovchanoff to third
Batting: RHB Lon Leseberg 0-0: Fly out, F7 (Line Drive, 7LM, EV 105.0 MPH)
Bottom of the 7th over - 0 runs, 1 hit, 0 errors, 1 left on base; Santo Domingo 0 - New Orleans 3
TOP OF THE 8TH
Santo Domingo Rum Runners batting - Pitching for New Orleans Voodoo : RHP Marc Dillard
Pitching: LHP Clinton Yates
Batting: RHB Devain Ecevit 0-0: Ball
1-0: Called Strike
1-1: Fly out, F5 (Line Drive, 56, EV 70.0 MPH)
Batting: RHB Kenny West 0-0: Ball
1-0: Ball
2-0: Swinging Strike
2-1: Swinging Strike
2-2: Foul Ball, location: 2F
2-2: Strikes out looking
Batting: LHB Lester Bridges 0-0: Called Strike
0-1: Ball
1-1: Called Strike
1-2: Strikes out swinging
Top of the 8th over - 0 runs, 0 hits, 0 errors, 0 left on base; Santo Domingo 0 - New Orleans 3
BOTTOM OF THE 8TH
New Orleans Voodoo batting - Pitching for Santo Domingo Rum Runners : RHP Damon Neckles
Batting: LHB Tuck Vrsek 0-0: Fly out, F8 (Flyball, 78S, EV 87.5 MPH)
Batting: LHB Devin Welninski 0-0: Ball
1-0: Swinging Strike
1-1: Called Strike
1-2: Foul Ball, location: 2F
1-2: Hit by Pitch
Pitching: LHP Jayden Heim
Batting: LHB Sully Volpe 0-0: Called Strike
0-1: Ball
1-1: Swinging Strike
1-2: Strikes out swinging
Batting: RHB Peyton Ames 0-0: Ball
1-0: Ball
2-0: Ball
Devin Welninski steals 2nd base
3-0: Base on Balls
Batting: SHB Jaden Maldonado 0-0: Called Strike
0-1: Fielders Choice at 2nd, 6-4 (Groundball, 6, EV 82.5 MPH)
Bottom of the 8th over - 0 runs, 0 hits, 0 errors, 2 left on base; Santo Domingo 0 - New Orleans 3
TOP OF THE 9TH
Santo Domingo Rum Runners batting - Pitching for New Orleans Voodoo : LHP Clinton Yates
Batting: LHB Damon Casebier 0-0: Ball
1-0: Ball
2-0: Fly out, F7 (Flyball, 7, EV 84.4 MPH)
Batting: LHB Ronald Anderson 0-0: Swinging Strike
0-1: Called Strike
0-2: Ball
1-2: Foul Ball, location: 2F
1-2: Foul Ball, location: 2F
1-2: Ball
2-2: Foul Ball, location: 2F
2-2: Foul Ball, location: 2F
2-2: Ball
3-2: Fly out, F8 (Flyball, 8RD, EV 89.4 MPH)
Batting: RHB Gage Hay 0-0: Called Strike
0-1: Fly out, F8 (Line Drive, 8RM, EV 98.8 MPH)
Top of the 9th over - 0 runs, 0 hits, 0 errors, 0 left on base; Santo Domingo 0 - New Orleans 3
Tuesday, March 19th , 2024 - OOTP Baseball 23.10 Build 110